[Event "December 5 Early 2023"]
[Site "https://www.chess.com"]
[Date "2023.12.05"]
[Round "3"]
[White "Klukin, Kirill"]
[Black "Rangel, Daniel"]
[Result "1-0"]
[Board "44"]
[TimeControl "180+1"]
[WhiteFideId "24199273"]
[BlackFideId "2124475"]
[WhiteElo "2837"]
[BlackElo "2547"]
[WhiteTeam "RUS"]
[BlackTeam "BRA"]
[WhiteClock "0:00:22"]
[BlackClock "0:00:00"]

1. d4 Nf6 2. Nf3 g6 3. e3 Bg7 4. Be2 O-O 5. O-O b6 6. b3 Bb7 7. Bb2 d6 8. c4 Ne4 9. Nc3 Nxc3 10. Bxc3 c5 11. Rc1 e6 12. Qd2 Nd7 13. Rfd1 Nf6 14. Qb2 Ne4 15. Be1 Qe7 16. Qc2 Rac8 17. Bd3 f5 18. dxc5 bxc5 19. Nd2 Nc3 20. Bf1 f4 21. exf4 Nxd1 22. Rxd1 Rxf4 23. f3 Bd4+ 24. Kh1 Rcf8 25. Bg3 R4f5 26. Re1 e5 27. Bd3 Rh5 28. Be4 Bc8 29. Bd5+ Kg7 30. Ne4 Bf5 31. Qe2 Bxe4 32. Bxe4 Qg5 33. Bf2 Qf4 34. g3 Qf6 35. Kg2 Qe6 36. Kg1 Qh3 37. Bxd4 cxd4 38. Rc1 Rg5 39. Qg2 Qxg2+ 40. Kxg2 Rh5 41. g4 Rh6 42. c5 g5 43. c6 d5 44. Bxd5 Rd6 45. Be4 Rc8 46. Kf2 Rc7 47. Ke2 Kf6 48. Kd3 h6 49. b4 Ke7 50. a4 Rd8 51. b5 Rb8 52. Kc4 Kd6 53. h4 Rg8 54. Rh1 gxh4 55. Rxh4 Rh8 56. a5 Rcc8 57. Rh5 Rc7 58. g5 hxg5 59. Rxh8 1-0

[Event "December 5 Early 2023"]
[Site "https://www.chess.com"]
[Date "2023.12.05"]
[Round "3"]
[White "Vakhlamov, Igor L."]
[Black "Tifferet, Shakked"]
[Result "1-0"]
[Board "45"]
[TimeControl "180+1"]
[WhiteFideId "24126748"]
[BlackFideId "2811529"]
[WhiteElo "2833"]
[BlackElo "2547"]
[WhiteTeam "RUS"]
[BlackTeam "ISR"]
[WhiteClock "0:01:21"]
[BlackClock "0:01:13"]

1. e4 e5 2. Nf3 Nc6 3. Nc3 Nf6 4. Bb5 Bd6 5. a3 O-O 6. d3 Re8 7. Bc4 h6 8. g4 Nh7 9. g5 Nxg5 10. Nxg5 hxg5 11. h4 g4 12. Qxg4 Bf8 13. Bg5 d5 14. Qg3 f6 15. Nxd5 Kh8 16. Nxf6 Nd4 17. c3 Nc2+ 18. Kd2 Nxa1 19. Qf3 Qxf6 20. Bxf6 gxf6 21. Qh5+ 1-0

[Event "December 5 Early 2023"]
[Site "https://www.chess.com"]
[Date "2023.12.05"]
[Round "3"]
[White "Klekowski, Maciej"]
[Black "Kotyk, Michael"]
[Result "1-0"]
[Board "46"]
[TimeControl "180+1"]
[WhiteFideId "1132717"]
[BlackFideId "16214501"]
[WhiteElo "2833"]
[BlackElo "2530"]
[WhiteTeam "POL"]
[BlackTeam "GER"]
[WhiteClock "0:02:00"]
[BlackClock "0:01:32"]

1. c4 Nf6 2. Nc3 e5 3. g3 Bb4 4. Bg2 O-O 5. e4 Bxc3 6. bxc3 c6 7. Ne2 d5 8. exd5 cxd5 9. cxd5 Nxd5 10. O-O Nc6 11. Qb3 Nb6 12. Re1 Be6 13. Qc2 Bd5 14. Ba3 Re8 15. d3 Bxg2 16. Kxg2 Qd5+ 17. f3 Rad8 18. Rad1 h5 19. Ng1 h4 20. Nh3 hxg3 21. hxg3 Re6 22. Ng5 Rg6 23. Ne4 f5 24. Nf2 f4 25. g4 Ne7 26. Bxe7 1-0

[Event "December 5 Early 2023"]
[Site "https://www.chess.com"]
[Date "2023.12.05"]
[Round "3"]
[White "Klimkowski, Jan"]
[Black "Chernomordik, Pavel"]
[Result "1-0"]
[Board "47"]
[TimeControl "180+1"]
[WhiteFideId "21856222"]
[BlackFideId "2804530"]
[WhiteElo "2824"]
[BlackElo "2527"]
[WhiteTeam "POL"]
[BlackTeam "ISR"]
[WhiteClock "0:00:45"]
[BlackClock "0:00:00"]

1. e4 g6 2. d4 Bg7 3. Nf3 d6 4. Be2 Nf6 5. Nc3 a6 6. O-O c6 7. a4 a5 8. h3 Na6 9. Bf4 Nb4 10. Qd2 O-O 11. Rad1 Qb6 12. Rfe1 Rd8 13. Bc4 Bd7 14. Bb3 Rac8 15. Bh6 Bh8 16. Qf4 Be8 17. Ng5 Qc7 18. e5 Nfd5 19. Nxd5 Nxd5 20. Qe4 e6 21. Nf3 c5 22. exd6 Rxd6 23. dxc5 Qxc5 24. c3 Bc6 25. Qh4 Rcd8 26. Bg5 f6 27. Bc1 Ne7 28. Rxd6 Rxd6 29. Rxe6 Rxe6 30. Bxe6+ Kf8 31. Qxh7 Bg7 32. Bh6 Nf5 33. Bxf5 1-0

[Event "December 5 Early 2023"]
[Site "https://www.chess.com"]
[Date "2023.12.05"]
[Round "3"]
[White "Devaev, Alexander"]
[Black "BestStelker"]
[Result "0-1"]
[Board "48"]
[TimeControl "180+1"]
[WhiteFideId "4169395"]
[WhiteElo "2512"]
[BlackElo "2822"]
[WhiteTeam "RUS"]
[WhiteClock "0:00:00"]
[BlackClock "0:00:01"]

1. d4 Nf6 2. c4 g6 3. Nc3 Bg7 4. e4 d6 5. Nf3 O-O 6. h3 e5 7. d5 Nbd7 8. Bg5 h6 9. Be3 Nh5 10. Nh2 a5 11. g3 Nc5 12. Ng4 Kh7 13. Be2 f5 14. exf5 gxf5 15. Bxc5 dxc5 16. Qc2 e4 17. Ne3 Nf6 18. O-O-O Kh8 19. Ng2 Nd7 20. g4 f4 21. Qxe4 Bxc3 22. bxc3 f3 23. Bd3 Qg5+ 24. Ne3 Nf6 25. Qxf3 Bd7 26. Qg3 Rae8 0-1

[Event "December 5 Early 2023"]
[Site "https://www.chess.com"]
[Date "2023.12.05"]
[Round "3"]
[White "Latorre, Vincent"]
[Black "Nguyen, Quoc Hy"]
[Result "0-1"]
[Board "49"]
[TimeControl "180+1"]
[WhiteFideId "2636891"]
[BlackFideId "12410853"]
[WhiteElo "2441"]
[BlackElo "2812"]
[WhiteTeam "CAN"]
[BlackTeam "VIE"]
[WhiteClock "0:00:01"]
[BlackClock "0:00:49"]

1. e4 c5 2. Nf3 Nc6 3. d4 cxd4 4. Nxd4 e5 5. Nb5 d6 6. N1c3 a6 7. Na3 Be6 8. Nd5 Nf6 9. Nxf6+ gxf6 10. Nc4 f5 11. exf5 Bxf5 12. Ne3 Be6 13. c4 Bg7 14. Bd3 Nd4 15. O-O O-O 16. Be4 Rb8 17. Bd5 b5 18. b3 Kh8 19. Ba3 Rc8 20. Rc1 Rc7 21. Bb4 Rd7 22. Qd2 Qg5 23. Kh1 Qg6 24. f3 Bh6 25. Qf2 Bxd5 26. Nxd5 Bxc1 27. Rxc1 bxc4 28. bxc4 Rb8 29. Bc3 Rb1 30. Qe3 Rxc1+ 31. Qxc1 Rb7 32. Bb2 Qc2 33. Qxc2 Nxc2 34. Bc3 Rb1+ 0-1

[Event "December 5 Early 2023"]
[Site "https://www.chess.com"]
[Date "2023.12.05"]
[Round "3"]
[White "Hayrapetyan, Hovik"]
[Black "Todorovic, Bojan"]
[Result "1-0"]
[Board "50"]
[TimeControl "180+1"]
[WhiteFideId "13302639"]
[BlackFideId "917087"]
[WhiteElo "2810"]
[BlackElo "2432"]
[WhiteTeam "ARM"]
[BlackTeam "SRB"]
[WhiteClock "0:01:33"]
[BlackClock "0:01:10"]

1. d4 g6 2. c4 Bg7 3. Nf3 d6 4. Nc3 Nf6 5. g3 O-O 6. Bg2 c6 7. O-O Qa5 8. e4 e5 9. h3 Nbd7 10. Be3 Qa6 11. b3 b5 12. cxb5 cxb5 13. a4 b4 14. Nb5 Qa5 15. Nxd6 Ba6 16. Re1 Rad8 17. Rc1 Nb6 18. Rc5 1-0

[Event "December 5 Early 2023"]
[Site "https://www.chess.com"]
[Date "2023.12.05"]
[Round "3"]
[White "Bolat, Inayat"]
[Black "Skvortsov, Andrei"]
[Result "1-0"]
[Board "51"]
[TimeControl "180+1"]
[WhiteFideId "13733125"]
[BlackFideId "24108600"]
[WhiteElo "2403"]
[BlackElo "2805"]
[WhiteTeam "KAZ"]
[BlackTeam "MNE"]
[WhiteClock "0:00:08"]
[BlackClock "0:00:13"]

1. e4 d5 2. exd5 Qxd5 3. Nc3 Qe5+ 4. Be2 Bg4 5. d4 Bxe2 6. Ngxe2 Qa5 7. O-O Nf6 8. Re1 Nc6 9. b4 Nxb4 10. a3 O-O-O 11. Rb1 Nbd5 12. Bd2 Nxc3 13. Bxc3 Qa6 14. Nf4 e6 15. Qf3 Bd6 16. Bb4 Bxb4 17. Rxb4 Rd7 18. Nd3 Rd5 19. Nc5 Qc6 20. Nxb7 Qxc2 21. Nc5 Re8 22. Reb1 Kd8 23. Qf4 e5 24. Qg3 exd4 25. Rb8+ Ke7 26. Qxc7+ Kf8 27. Ne6+ fxe6 28. Qxc2 d3 29. Rxe8+ Kxe8 30. Qc8+ Kf7 31. Qc3 e5 32. f3 e4 33. fxe4 Nxe4 34. Rb7+ Ke6 35. Qxg7 Rd6 36. Re7+ Kd5 37. Qe5+ Kc4 38. Qxe4+ Rd4 39. Rc7+ 1-0

[Event "December 5 Early 2023"]
[Site "https://www.chess.com"]
[Date "2023.12.05"]
[Round "3"]
[White "Weetik, Vjacheslav"]
[Black "YurasovMat-2012"]
[Result "0-1"]
[Board "52"]
[TimeControl "180+1"]
[WhiteFideId "4153472"]
[WhiteElo "2805"]
[BlackElo "2327"]
[WhiteTeam "RUS"]
[WhiteClock "0:00:00"]
[BlackClock "0:01:07"]

1. d4 d5 2. Bf4 Nf6 3. e3 c5 4. c3 g6 5. Nd2 Bg7 6. h3 O-O 7. Ngf3 Nc6 8. Be2 Qb6 9. Qb3 Qa5 10. Qb5 Qxb5 11. Bxb5 a6 12. Bxc6 bxc6 13. Be5 Nd7 14. Bxg7 Kxg7 15. Nb3 c4 16. Na5 c5 17. O-O-O e6 18. b3 cxb3 19. axb3 Rb8 20. Kc2 Rb5 21. Ra1 Bb7 22. c4 Rb6 23. Nxb7 Rxb7 24. cxd5 exd5 25. Rxa6 Rc8 26. Rc1 cxd4+ 27. Kb2 Rxc1 28. Kxc1 Nc5 29. Rd6 dxe3 30. fxe3 Rxb3 31. Rxd5 Ne4 32. Rd7 Rxe3 33. Kc2 Nc5 34. Rd2 Ne6 35. Rf2 Nf4 36. Ng1 Ne6 37. h4 f5 38. Kd2 Ra3 39. Nf3 Kf6 40. Ke1 Nf4 41. Rb2 Nd3+ 0-1

[Event "December 5 Early 2023"]
[Site "https://www.chess.com"]
[Date "2023.12.05"]
[Round "3"]
[White "Xiong, Jeffery"]
[Black "Timerkhanov, Alexander"]
[Result "1-0"]
[Board "53"]
[TimeControl "180+1"]
[WhiteFideId "2047640"]
[BlackFideId "24177938"]
[WhiteElo "3009"]
[BlackElo "2662"]
[WhiteTeam "USA"]
[BlackTeam "RUS"]
[WhiteClock "0:01:15"]
[BlackClock "0:00:08"]

1. d4 d5 2. c4 c6 3. Nf3 Nf6 4. cxd5 cxd5 5. Nc3 Nc6 6. Bf4 a6 7. Rc1 Bf5 8. e3 e6 9. Qb3 Ra7 10. Be2 Bd6 11. Bxd6 Qxd6 12. O-O O-O 13. Na4 Ne4 14. Qb6 Qb4 15. Rxc6 Qxa4 16. Rc7 Raa8 17. a3 a5 18. Rfc1 Bg4 19. h3 Bxf3 20. Bxf3 Nd2 21. Be2 Rab8 22. Rxb7 Rxb7 23. Qxb7 g6 24. Qb6 Qb3 25. Qxb3 Nxb3 26. Rc2 Rb8 27. Kf1 Na1 28. Rc1 Nb3 29. Rd1 Kf8 30. Bd3 Ke7 31. Ke2 Kd6 32. Bc2 a4 33. Rb1 f6 34. f4 e5 35. fxe5+ fxe5 36. Kd3 exd4 37. exd4 Na5 38. Bxa4 Nc4 39. Kc3 Nxa3 40. Rf1 Nc4 41. b4 Ke6 42. b5 Ne3 43. Re1 1-0

[Event "December 5 Early 2023"]
[Site "https://www.chess.com"]
[Date "2023.12.05"]
[Round "3"]
[White "Paravyan, David"]
[Black "Jakubowski, Krzysztof"]
[Result "1-0"]
[Board "54"]
[TimeControl "180+1"]
[WhiteFideId "4194985"]
[BlackFideId "1112848"]
[WhiteElo "2999"]
[BlackElo "2648"]
[WhiteTeam "FID"]
[BlackTeam "POL"]
[WhiteClock "0:01:43"]
[BlackClock "0:00:26"]

1. e4 c5 2. Nf3 d6 3. d4 cxd4 4. Nxd4 Nf6 5. Nc3 a6 6. f3 e6 7. a3 b5 8. g4 Nfd7 9. g5 Nb6 10. h4 h5 11. g6 fxg6 12. Bg5 Qc7 13. Bh3 Qf7 14. Qe2 Bd7 15. O-O-O Nc4 16. f4 Nc6 17. Nxc6 Bxc6 18. Nd5 Rc8 19. Rhe1 Bd7 20. Kb1 Rc5 21. Qf2 e5 22. Qxc5 Bxh3 23. Nc7+ Kd7 24. fxe5 Kc8 25. exd6 Bxd6 26. Rxd6 Nxd6 27. Nxb5+ 1-0

[Event "December 5 Early 2023"]
[Site "https://www.chess.com"]
[Date "2023.12.05"]
[Round "3"]
[White "Feuerstack, Aljoscha"]
[Black "Sarana, Alexey"]
[Result "1-0"]
[Board "55"]
[TimeControl "180+1"]
[WhiteFideId "4681932"]
[BlackFideId "24133795"]
[WhiteElo "2646"]
[BlackElo "2998"]
[WhiteTeam "GER"]
[BlackTeam "SRB"]
[WhiteClock "0:00:14"]
[BlackClock "0:00:00"]

1. e4 c5 2. Nf3 d6 3. d3 Nf6 4. g3 Nc6 5. Bg2 g6 6. O-O Bg7 7. Re1 O-O 8. c3 e5 9. a3 b6 10. h3 h6 11. Be3 d5 12. Qc2 Bb7 13. b4 d4 14. cxd4 cxd4 15. Bc1 Nd7 16. Nbd2 Rc8 17. Qa2 b5 18. Nb3 Rc7 19. Bd2 Bc8 20. Rac1 Nb6 21. Nc5 Qd6 22. Rc2 Re8 23. Rec1 Ree7 24. Nh4 Kh7 25. f4 exf4 26. gxf4 Qd8 27. Nf3 Nb8 28. Be1 N8d7 29. Bh4 f6 30. Nb3 Rxc2 31. Qxc2 g5 32. Bg3 Nf8 33. fxg5 fxg5 34. Bc7 Rxc7 35. Qxc7 Qe8 36. Nfxd4 Bd7 37. Qxa7 Na4 38. Nf5 Bxf5 39. exf5 Nd7 40. Bc6 Qe5 41. Qxd7 Qe3+ 42. Kg2 g4 43. hxg4 Qe2+ 44. Kh1 Qxg4 45. Bg2 Qh4+ 46. Kg1 Nc3 47. Rxc3 Qe1+ 48. Bf1 Qxc3 49. Nc5 1-0

[Event "December 5 Early 2023"]
[Site "https://www.chess.com"]
[Date "2023.12.05"]
[Round "3"]
[White "Marosi, Levente"]
[Black "Martinez Alcantara, Jose Eduardo"]
[Result "0-1"]
[Board "56"]
[TimeControl "180+1"]
[WhiteFideId "747181"]
[BlackFideId "3805662"]
[WhiteElo "2626"]
[BlackElo "2983"]
[WhiteTeam "HUN"]
[BlackTeam "PER"]
[WhiteClock "0:00:12"]
[BlackClock "0:00:44"]

1. e4 c5 2. Nf3 d6 3. d4 cxd4 4. Nxd4 a6 5. Nc3 e6 6. Be3 b5 7. f3 Nf6 8. Qd2 h5 9. O-O-O Nbd7 10. h3 Bb7 11. Be2 h4 12. f4 b4 13. Nb1 Bxe4 14. Qxb4 Nd5 15. Qd2 N7f6 16. Bf2 Be7 17. Bf3 Rc8 18. Rhe1 Bxf3 19. Nxf3 Qc7 20. a3 Qc4 21. Nd4 Qa4 22. b3 Qd7 23. Kb2 Rb8 24. c4 Nb6 25. Ka2 d5 26. Qa5 O-O 27. c5 Na8 28. c6 Qd6 29. Bxh4 Nc7 30. f5 e5 31. Nf3 Rb5 32. Qc3 d4 33. Nxd4 exd4 34. Rxd4 Nfd5 35. Qd2 Bxh4 36. Rxh4 Qxc6 37. Rc4 Qf6 38. g4 Rfb8 39. b4 a5 40. Rec1 axb4 41. Rxc7 b3# 0-1

[Event "December 5 Early 2023"]
[Site "https://www.chess.com"]
[Date "2023.12.05"]
[Round "3"]
[White "Degenbaev, Aziz"]
[Black "Kamsky, Gata"]
[Result "0-1"]
[Board "57"]
[TimeControl "180+1"]
[WhiteFideId "13802640"]
[BlackFideId "2000024"]
[WhiteElo "2626"]
[BlackElo "2935"]
[WhiteTeam "KGZ"]
[BlackTeam "USA"]
[WhiteClock "0:00:06"]
[BlackClock "0:00:27"]

1. e4 c5 2. Nf3 e6 3. d4 cxd4 4. Nxd4 a6 5. c4 Nf6 6. Nc3 d6 7. Be3 b6 8. f4 Bb7 9. Qf3 Nbd7 10. Bd3 g6 11. O-O-O Bg7 12. g4 e5 13. Nc2 exf4 14. Bxf4 Ne5 15. Bxe5 dxe5 16. c5 Qc7 17. g5 Nh5 18. cxb6 Qxb6 19. Bc4 O-O 20. Ne3 Nf4 21. Kb1 Rad8 22. Ned5 Qc5 23. Bb3 Kh8 24. h4 Nh5 25. Nf6 Bxf6 26. gxf6 Qb6 27. Rxd8 Qxd8 28. Rf1 Nf4 29. Rd1 Qxf6 30. Rd7 Bc8 31. Rc7 Be6 32. Bxe6 Qxe6 33. a3 Qf6 34. Qe3 Kg7 35. Qc5 Ne6 36. Nd5 Qf1+ 37. Qc1 Qg2 38. Rc4 Nd4 39. Qe3 Rb8 40. b4 h5 41. Rxd4 exd4 42. Qxd4+ Kh6 43. Qe3+ Kh7 44. Nf6+ Kg7 45. Qd4 Qf1+ 0-1

[Event "December 5 Early 2023"]
[Site "https://www.chess.com"]
[Date "2023.12.05"]
[Round "3"]
[White "Nguyen, Ngoc Truong Son"]
[Black "Ambartsumova, Karina"]
[Result "1-0"]
[Board "58"]
[TimeControl "180+1"]
[WhiteFideId "12401110"]
[BlackFideId "4166299"]
[WhiteElo "2930"]
[BlackElo "2623"]
[WhiteTeam "VIE"]
[BlackTeam "RUS"]
[WhiteClock "0:00:21"]
[BlackClock "0:00:00"]

1. e4 e5 2. Nf3 Nc6 3. Nc3 Nf6 4. Bb5 Nd4 5. Bc4 Bc5 6. d3 d6 7. h3 h6 8. Be3 Nxf3+ 9. Qxf3 Be6 10. Bxe6 fxe6 11. Bxc5 dxc5 12. Qg3 Qe7 13. Qxe5 O-O-O 14. O-O-O Rhf8 15. Rhf1 Kb8 16. Kb1 a6 17. a3 Nd7 18. Qg3 Nb6 19. f4 Rd4 20. Qe3 Rfd8 21. g4 e5 22. fxe5 Qxe5 23. Rf5 Qe7 24. Rdf1 c4 25. Rf7 Qe6 26. Rf8 Qc8 27. Qxd4 Rxf8 28. Rxf8 Qxf8 29. a4 cxd3 30. cxd3 Qf1+ 31. Ka2 Qxh3 32. e5 Qh4 33. a5 Nc8 34. Qd7 Qg5 35. d4 Qe7 36. e6 g6 37. Nd5 Qd6 38. Qxd6 Nxd6 39. Nf6 h5 40. gxh5 gxh5 41. Nxh5 Kc8 42. Kb3 Kd8 43. d5 Ke7 44. Kb4 Ne4 45. Kc4 c6 46. Kd4 cxd5 47. Kxd5 Ng5 48. Nf4 Nh7 49. Ke5 1-0

[Event "December 5 Early 2023"]
[Site "https://www.chess.com"]
[Date "2023.12.05"]
[Round "3"]
[White "Zhurbinsky, David"]
[Black "Movahed, Sina"]
[Result "0-1"]
[Board "59"]
[TimeControl "180+1"]
[WhiteFideId "2072904"]
[BlackFideId "42520835"]
[WhiteElo "2621"]
[BlackElo "2917"]
[WhiteTeam "USA"]
[BlackTeam "IRI"]
[WhiteClock "0:00:04"]
[BlackClock "0:00:52"]

1. e4 c5 2. Nf3 d6 3. c3 Nf6 4. Be2 g6 5. O-O Bg7 6. Bb5+ Nbd7 7. Re1 O-O 8. d4 cxd4 9. cxd4 Nb6 10. Nc3 Bg4 11. h3 Bxf3 12. Qxf3 a6 13. Bf1 Nfd7 14. Be3 Rc8 15. Rac1 Nc4 16. Nd5 Ncb6 17. Rxc8 Nxc8 18. Rc1 Ncb6 19. Nc3 e6 20. g4 Qe7 21. Ne2 Rc8 22. Rxc8+ Nxc8 23. Nc3 Ncb6 24. a4 Nb8 25. a5 N6d7 26. d5 Bxc3 27. bxc3 e5 28. c4 Qd8 29. Bd2 Nc5 30. Bb4 Nbd7 31. Bg2 Qg5 32. Kh2 Qc1 33. Qe2 Qb1 34. Qd2 Kg7 35. f3 f6 36. g5 f5 37. Bc3 fxe4 38. fxe4 Nxe4 39. Bxe4 Qxe4 40. Qf2 Qxc4 41. Bb2 Qxd5 42. h4 Qe6 43. Qf3 d5 44. Qb3 Qc6 45. Qb4 Kf7 46. Qd2 d4 47. Qf2+ Ke6 48. Ba3 Qe4 49. Qa2+ Kf5 50. Qf2+ Qf4+ 51. Kg2 Qxf2+ 52. Kxf2 Nb8 53. Bd6 Nc6 54. Bc7 e4 55. h5 gxh5 0-1

[Event "December 5 Early 2023"]
[Site "https://www.chess.com"]
[Date "2023.12.05"]
[Round "3"]
[White "Popov, Konstantin"]
[Black "Espinoza Villanueva, Rodrigo"]
[Result "1-0"]
[Board "60"]
[TimeControl "180+1"]
[WhiteFideId "34137910"]
[BlackFideId "5140188"]
[WhiteElo "2865"]
[BlackElo "2609"]
[WhiteTeam "FID"]
[BlackTeam "MEX"]
[WhiteClock "0:01:59"]
[BlackClock "0:00:12"]

1. e4 c5 2. Nf3 Nc6 3. d4 cxd4 4. Nxd4 Nf6 5. Nc3 e5 6. Ndb5 d6 7. Bg5 a6 8. Na3 b5 9. Bxf6 gxf6 10. Nd5 f5 11. g3 Bg7 12. Bg2 fxe4 13. Bxe4 Rb8 14. Qh5 Ne7 15. c3 h6 16. Nc2 O-O 17. Nce3 Be6 18. Rd1 Rc8 19. Nxe7+ Qxe7 20. Nf5 Bxf5 21. Qxf5 Rfd8 22. Bd5 Rc5 23. O-O Qf6 24. Qe4 a5 25. Rd3 Qe7 26. Rfd1 Rb8 27. Rf3 Rf8 28. h4 Qa7 29. Qf5 b4 30. Be4 Rd8 31. Bd5 Rf8 32. c4 a4 33. b3 axb3 34. axb3 Qe7 35. Be4 Rb8 36. Qh7+ Kf8 37. Bg6 1-0

[Event "December 5 Early 2023"]
[Site "https://www.chess.com"]
[Date "2023.12.05"]
[Round "3"]
[White "Boor, Carl"]
[Black "Bachmann, Axel"]
[Result "0-1"]
[Board "61"]
[TimeControl "180+1"]
[WhiteFideId "2017008"]
[BlackFideId "3700488"]
[WhiteElo "2591"]
[BlackElo "2843"]
[WhiteTeam "USA"]
[BlackTeam "PAR"]
[WhiteClock "0:00:00"]
[BlackClock "0:01:37"]

1. d4 Nf6 2. c4 c5 3. d5 e6 4. Nc3 exd5 5. cxd5 d6 6. e4 g6 7. f4 Bg7 8. Bb5+ Nfd7 9. a4 O-O 10. Nf3 Na6 11. h3 Nb4 12. O-O a6 13. Bc4 Re8 14. Re1 Rb8 15. Be3 Nf6 16. e5 Nd7 17. e6 Nb6 18. Bb3 fxe6 19. dxe6 c4 20. Ba2 Bxe6 21. a5 N6d5 22. Bxc4 Nxe3 23. Bxe6+ Rxe6 24. Qb3 d5 25. Qxb4 Nc2 26. Qc5 Rxe1+ 27. Rxe1 Rc8 0-1

[Event "December 5 Early 2023"]
[Site "https://www.chess.com"]
[Date "2023.12.05"]
[Round "3"]
[White "Bacrot, Etienne"]
[Black "Ezat, Mohamed"]
[Result "1-0"]
[Board "62"]
[TimeControl "180+1"]
[WhiteFideId "605506"]
[BlackFideId "10600906"]
[WhiteElo "2829"]
[BlackElo "2583"]
[WhiteTeam "FRA"]
[BlackTeam "EGY"]
[WhiteClock "0:00:05"]
[BlackClock "0:00:08"]

1. e4 e5 2. Nf3 Nc6 3. Bc4 Nf6 4. d3 h6 5. O-O d6 6. c3 g5 7. Re1 Bg7 8. Nbd2 O-O 9. Nf1 Ne7 10. Ng3 Ng6 11. Bb3 c6 12. Nf5 Bxf5 13. exf5 Ne7 14. Bc2 Nxf5 15. d4 e4 16. Bxe4 Nxe4 17. Rxe4 Re8 18. Qd3 Qd7 19. Bd2 Rxe4 20. Qxe4 Re8 21. Qg4 Re7 22. h3 d5 23. Rf1 Re4 24. Qh5 Qe6 25. Bxg5 hxg5 26. Nxg5 Rh4 27. Qxh4 Nxh4 28. Nxe6 fxe6 29. g3 Nf3+ 30. Kg2 Nd2 31. Re1 Kf7 32. h4 Nc4 33. Re2 Nd6 34. h5 Bh6 35. f4 Ne4 36. Kf3 c5 37. dxc5 Nxc5 38. g4 Nd7 39. g5 Bf8 40. Kg4 Bd6 41. h6 e5 42. f5 e4 43. Kh5 Be5 44. f6 Nf8 45. h7 Bxf6 46. Rf2 Nxh7 47. g6+ Kg7 48. gxh7 Be5 49. Rf5 Bg3 50. Rg5+ Kh8 51. Rxg3 1-0

[Event "December 5 Early 2023"]
[Site "https://www.chess.com"]
[Date "2023.12.05"]
[Round "3"]
[White "Jaskolka, Tomasz"]
[Black "Rustemov, Alexander"]
[Result "0-1"]
[Board "63"]
[TimeControl "180+1"]
[WhiteFideId "1170791"]
[BlackFideId "4119002"]
[WhiteElo "2550"]
[BlackElo "2817"]
[WhiteTeam "POL"]
[BlackTeam "RUS"]
[WhiteClock "0:00:43"]
[BlackClock "0:01:05"]

1. e4 e6 2. d4 d5 3. Nc3 dxe4 4. Nxe4 Bd7 5. Nf3 Bc6 6. Bd3 Nd7 7. c3 Ngf6 8. Nxf6+ Nxf6 9. Bg5 Bxf3 10. Qxf3 Qd5 11. Qxd5 Nxd5 12. O-O-O Be7 13. Bd2 Rd8 14. h4 h5 15. g3 c6 16. Rhe1 g6 17. a3 Bf6 18. Kc2 Kf8 19. Be4 Kg7 20. b3 Rd7 21. a4 Rhd8 22. b4 a6 23. Bd3 Nb6 24. Kb3 Nc8 25. Bf4 Ne7 26. Bf1 Nd5 27. Bc1 b5 28. axb5 axb5 29. Bd2 Ra8 30. Ra1 Rda7 31. Kb2 Kf8 32. Rxa7 Rxa7 33. Ra1 Rxa1 34. Kxa1 e5 35. dxe5 Bxe5 36. Bg2 Nxc3 37. Bxc3 Bxc3+ 38. Kb1 Bxb4 39. Bxc6 Be1 40. Bxb5 Bxf2 41. Kc2 Bxg3 42. Kd3 Bxh4 43. Ke4 Kg7 44. Kf3 f5 45. Kf4 Kf6 46. Be8 Bg5+ 47. Kg3 Bc1 48. Kh3 Ba3 49. Kg3 Bd6+ 50. Kh3 Kg7 51. Kh4 Kh6 52. Bd7 g5+ 53. Kh3 g4+ 54. Kh4 Be7+ 55. Kg3 Kg5 56. Kg2 h4 57. Kh2 Bd6+ 58. Kg2 h3+ 59. Kh1 g3 60. Bc6 g2+ 61. Kg1 Bc5+ 62. Kh2 g1=Q+ 0-1

[Event "December 5 Early 2023"]
[Site "https://www.chess.com"]
[Date "2023.12.05"]
[Round "3"]
[White "Malyi, Viacheslav"]
[Black "Dragun, Kamil"]
[Result "1/2-1/2"]
[Board "64"]
[TimeControl "180+1"]
[WhiteFideId "14123983"]
[BlackFideId "1134167"]
[WhiteElo "2568"]
[BlackElo "2810"]
[WhiteTeam "UKR"]
[BlackTeam "POL"]
[WhiteClock "0:00:16"]
[BlackClock "0:00:07"]

1. e4 e5 2. Nf3 Nc6 3. Bb5 a6 4. Bxc6 dxc6 5. O-O Bd6 6. d4 exd4 7. Qxd4 f6 8. e5 fxe5 9. Nxe5 Ne7 10. Nc3 Be6 11. Bf4 O-O 12. Bg3 Nf5 13. Qe4 Nxg3 14. hxg3 Qe7 15. Rfe1 Rae8 16. Nd3 Qf6 17. Qh4 Qxh4 18. gxh4 Bf5 19. Rxe8 Rxe8 20. Re1 Rxe1+ 21. Nxe1 Be5 22. Nd3 Bf6 23. g3 b6 24. f3 c5 25. Nd1 Kf7 26. b3 a5 27. Kf2 Ke6 28. Ne3 Bxd3 29. cxd3 Ke5 30. Nc2 Kd5 31. Ke3 Bb2 32. Kd2 Bd4 33. Ne3+ Ke5 34. Ng4+ Kf5 35. Ne3+ Ke6 36. Ke2 h5 37. Ng2 Be5 38. f4 Bd4 39. Ne1 Kf5 40. Kf3 g6 41. Nc2 c6 42. Na3 b5 43. Nc2 Bg1 44. Ne1 Bd4 45. Nc2 Bg1 46. Ne1 Bd4 47. Nc2 1/2-1/2

[Event "December 5 Early 2023"]
[Site "https://www.chess.com"]
[Date "2023.12.05"]
[Round "3"]
[White "Starozhilov, Leonid"]
[Black "Saravana, Krishnan P."]
[Result "1-0"]
[Board "65"]
[TimeControl "180+1"]
[WhiteFideId "14106752"]
[BlackFideId "5018382"]
[WhiteElo "2762"]
[BlackElo "2548"]
[WhiteTeam "UKR"]
[BlackTeam "IND"]
[WhiteClock "0:01:16"]
[BlackClock "0:00:08"]

1. e4 c6 2. d3 d5 3. Nd2 g6 4. h4 h5 5. Be2 Bg7 6. Ngf3 Nf6 7. Ng5 e5 8. c3 Nbd7 9. b3 b6 10. Ba3 Bf8 11. Bb2 Bb7 12. O-O Qc7 13. Bf3 Bh6 14. exd5 cxd5 15. c4 O-O 16. cxd5 Bxd5 17. Rc1 Qb7 18. Nde4 Nxe4 19. dxe4 Bc6 20. Qd6 Rac8 21. Rfd1 Bb5 22. a4 Rxc1 23. Rxc1 Ba6 24. Rc7 1-0

[Event "December 5 Early 2023"]
[Site "https://www.chess.com"]
[Date "2023.12.05"]
[Round "3"]
[White "Wagner, Dennis"]
[Black "Dmitrenko, Viktor"]
[Result "1-0"]
[Board "66"]
[TimeControl "180+1"]
[WhiteFideId "24650684"]
[BlackFideId "14110270"]
[WhiteElo "2758"]
[BlackElo "2391"]
[WhiteTeam "GER"]
[BlackTeam "UKR"]
[WhiteClock "0:00:30"]
[BlackClock "0:00:00"]

1. c4 e6 2. Nc3 d5 3. d4 a6 4. cxd5 exd5 5. Bf4 Nf6 6. e3 Bd6 7. Bg5 Be6 8. Bd3 h6 9. Bh4 O-O 10. f4 c5 11. Nf3 cxd4 12. Nxd4 Re8 13. O-O Nc6 14. Nxe6 Rxe6 15. Nxd5 Nxd5 16. Bxd8 Nxe3 17. Qb3 Rxd8 18. Rfe1 Bc5 19. Kh1 Ng4 20. Rxe6 Nf2+ 21. Kg1 Nxd3+ 22. Kf1 fxe6 23. Qxe6+ Kh8 24. Rd1 Nd4 25. Qc4 Nxb2 26. Qxc5 Nxd1 27. Qe7 Nc6 28. Qxb7 Nd4 29. Qe7 Nc6 30. Qc7 Ne3+ 31. Ke2 1-0

[Event "December 5 Early 2023"]
[Site "https://www.chess.com"]
[Date "2023.12.05"]
[Round "3"]
[White "Aradhya, Garg"]
[Black "Spichkin, Alexander"]
[Result "0-1"]
[Board "67"]
[TimeControl "180+1"]
[WhiteFideId "25006746"]
[BlackFideId "4144074"]
[WhiteElo "2725"]
[BlackElo "2362"]
[WhiteTeam "IND"]
[BlackTeam "RUS"]
[WhiteClock "0:00:02"]
[BlackClock "0:00:21"]

1. d4 e6 2. c4 f5 3. Nf3 Nf6 4. g3 d6 5. Bg2 Be7 6. Nc3 O-O 7. d5 e5 8. O-O a5 9. b3 Na6 10. Bb2 Nc5 11. Nd2 e4 12. Na4 Nxa4 13. bxa4 Bd7 14. Rb1 Qe8 15. Bxf6 Bxf6 16. Rxb7 Bxa4 17. Qc1 Qc8 18. Rb1 Rb8 19. e3 Rxb1 20. Nxb1 Qb8 21. Nc3 Qb4 22. Nxa4 Qxa4 23. Qd2 Rb8 24. c5 Rb2 25. Qe1 Qxa2 26. cxd6 cxd6 27. g4 Qxd5 28. Qc1 fxg4 29. Qc8+ Kf7 30. Qxg4 Rb4 31. Qd7+ Kg6 32. Qe8+ Kh6 33. Kh1 a4 34. f4 a3 35. Qd7 a2 36. Qh3+ Qh5 37. Qe6 Rb2 38. Qxe4 Rd2 39. Qe6 Qh4 40. Qb3 a1=Q 41. Rxa1 Bxa1 42. Qe6+ Bf6 43. Be4 Qe1# 0-1